 Dungeon Crawl Stone Soup version 0.27-a0-343-gfcad680f63 (webtiles) character file.

Game seed: 9668690268400067387

835 mal2 the Chopper (level 7, -9/64 HPs)
             Began as a Minotaur Berserker on Feb 14, 2021.
             Was a Priest of Trog.
             Mangled by Menkaure (18 damage)
             ... on level 5 of the Dungeon on Feb 15, 2021.
             The game lasted 00:21:37 (4735 turns).

mal2 the Chopper (Minotaur Berserker)               Turns: 4735, Time: 00:21:37

Health: -9/64      AC:  6    Str: 23    XL:     7   Next: 66%
Magic:  6/6        EV: 11    Int:  4    God:    Trog [***...]
Gold:   229        SH:  3    Dex: 10    Spells: 6/6 levels left

rFire    . . .     SeeInvis .   z - +2 spear (vamp)
rCold    . . .     Faith    .   s - +0 buckler
rNeg     . . .     Spirit   .   o - +0 ring mail
rPois    .         Reflect  .   (helmet restricted)
rElec    .         Harm     .   (no cloak)
rCorr    .         Rampage  .   (no gloves)
Will     .....                  (no boots)
Stlth    ..........             (no amulet)
HPRegen  0.20/turn              (no ring)
MPRegen  0.10/turn              (no ring)

@: hasted, very quick
A: retaliatory headbutt, horns 2
a: Renounce Religion, Berserk, Trog's Hand


You were on level 5 of the Dungeon.
You worshipped Trog.
Trog was most pleased with you.
You visited 1 branch of the dungeon, and saw 5 of its levels.

You collected 229 gold pieces.

Inventory:

Hand Weapons
 a - a +1 hand axe
 b - a +0 hunting sling
 j - a +0 scythe
 v - a +3 dagger
 z - a +2 vampiric spear (weapon)
 C - a +0 war axe of electrocution
 D - a +1 flail of protection
Missiles
 m - 10 javelins
 n - 39 sling bullets
 q - 33 poisoned darts
Armour
 o - a +0 ring mail (worn)
 s - a +0 buckler (worn)
 y - a +0 pair of gloves
Jewellery
 u - a ring of magical power
Scrolls
 c - a scroll of blinking {unknown}
 d - 6 scrolls of identify {unknown}
 f - a scroll of random uselessness {unknown}
 g - 5 scrolls of fog {unknown}
 h - 3 scrolls of magic mapping
 k - a scroll of enchant weapon
 r - a scroll of immolation {unknown}
 w - a scroll of noise {unknown}
Potions
 e - 2 potions of haste
 i - 2 potions of brilliance {unknown}
 l - 2 potions of heal wounds {unknown}
 p - 2 potions of flight {unknown}
 t - 2 potions of lignification {unknown}
 x - a potion of mutation {unknown}
 A - 2 potions of attraction {unknown}
 B - a potion of curing {unknown}


   Skills:
 + Level 6.3 Fighting
 + Level 7.0 Axes
 - Level 2.6 Slings
 + Level 5.1 Armour
 + Level 3.7 Dodging
 + Level 0.8 Shields


You had 6 spell levels left.
You didn't know any spells.
Your spell library was empty.

Dungeon Overview and Level Annotations

Branches:
Dungeon (5/15)
 Temple: D:4-7

Altars:
Fedhas
Hepliaklqana
Okawaru
Ru
Sif Muna

Annotations:
D:3 3 runed translucent doors, Tarl's ghost, weakling DsBe
D:5 Menkaure


Innate Abilities, Weirdness & Mutations

You reflexively headbutt those who attack you in melee.
You have a pair of horns on your head.


Message History

Menkaure gestures at you while chanting.
Pain shoots through your body!
Menkaure casts a spell.
Menkaure seems to speed up.
Menkaure hits you!!
You hit Menkaure but do no damage. Menkaure hits you!
You hit Menkaure.
Menkaure is lightly damaged.
Menkaure hits you!!
* * * LOW HITPOINT WARNING * * *
Menkaure hits you but does no damage.
Your skin crawls.
You feel strong-willed. Menkaure misses you.
Menkaure gestures at you while chanting.
You resist with almost no effort. Menkaure closely misses you.
Menkaure casts a spell at you. You resist with almost no effort.
You feel the effects of Trog's Hand fading.
Menkaure's ankle releases a plume of dust as he confides, "I'm not really a mummy, you know."
Your skin stops crawling.
You feel less strong-willed. Menkaure hits you.
Menkaure is no longer moving quickly.
Menkaure gestures wildly while chanting.
Menkaure seems to speed up.
Menkaure calls on the powers of darkness!
Your body is wracked with pain!
* * * LOW HITPOINT WARNING * * *
Menkaure calls on the powers of darkness!
Your body is wracked with pain!
* * * LOW HITPOINT WARNING * * *
Your +0 war axe of electrocution stops crackling.
You feel a sense of dread.
z - a +2 vampiric spear (weapon)
It was a potion of haste.
You feel yourself speed up.
You barely miss Menkaure. You headbutt Menkaure.
Menkaure is moderately damaged.
Menkaure hits you!!
You die...

#.# #.#.####.## ... .
#.......# ###.#####
####..... #......##
##......
#######.#.#...####..†....
.................+.......
######.##....####.......
#M##...## ##......
#.@...## ##..... ####.##
##...# #.# ##... #.#
###... #.# #..... #.#
#..... #.# #..... #.#
######..... #.#
#..........


You could see Menkaure (fast).

Vanquished Creatures
  Sigmund (D:2)
  Edmund (D:5)
  Duvessa (D:4)
  A kobold brigand (D:3)
  Dowan (D:4)
  A scorpion (D:4)
  An orc priest (D:3)
  A hound (D:4)
  A bullfrog skeleton (D:4)
  4 gnolls (D:4)
  7 adders
  A shadow imp (D:5)
  An ufetubus (D:5)
  2 dart slugs
  A leopard gecko (D:3)
  14 orcs
  4 giant cockroaches
  4 goblins
  12 hobgoblins
  9 jackals
  2 quokkas
  A ball python (D:2)
  9 bats
  2 frilled lizards
  10 kobolds
  7 rats
99 creatures vanquished.

Vanquished Creatures (others)
  An ogre (D:5)
  A hound (D:5)
  An iguana (D:5)
  A jackal (D:5)
  2 fungi (D:3)
  2 plants (D:3)
8 creatures vanquished.

Grand Total: 107 creatures vanquished

Notes
Turn   | Place    | Note
-------+----------+-------------------------------------------
     0 | D:1      | mal2 the Minotaur Berserker began the quest for the Orb.
     0 | D:1      | Reached XP level 1. HP: 19/19 MP: 0/0
   141 | D:1      | Reached XP level 2. HP: 23/27 MP: 1/1
   142 | D:1      | Reached skill level 4 in Axes
   568 | D:1      | Reached ** piety under Trog
   794 | D:2      | Reached XP level 3. HP: 34/34 MP: 2/2
   906 | D:2      | Noticed Sigmund
   918 | D:2      | Killed Sigmund
   919 | D:2      | Reached skill level 5 in Fighting
   919 | D:2      | Reached skill level 5 in Axes
   919 | D:2      | Reached skill level 1 in Slings
   919 | D:2      | Reached XP level 4. HP: 42/42 MP: 3/3
   919 | D:2      | Reached XP level 5. HP: 48/48 MP: 4/4
   963 | D:2      | Found an iron altar of Okawaru.
  1824 | D:3      | Found a runed translucent gate.
  1828 | D:3      | Found a runed translucent gate.
  1828 | D:3      | Found a runed translucent gate.
  1829 | D:3      | Identified the +1 dagger of the Candelabrum {chaos, *Rage
                  | Str+4 SInv}
  1831 | D:3      | Noticed Tarl's ghost (weakling DsBe)
  1853 | D:3      | Reached XP level 6. HP: 56/56 MP: 5/5
  3298 | D:4      | Noticed Dowan
  3299 | D:4      | Noticed Duvessa
  3305 | D:4      | Killed Dowan
  3306 | D:4      | Reached skill level 6 in Axes
  3309 | D:4      | Killed Duvessa
  3310 | D:4      | Reached XP level 7. HP: 62/62 MP: 6/6
  3389 | D:4      | Found a blossoming altar of Fedhas.
  3542 | D:4      | Found a sacrificial altar of Ru.
  3592 | D:4      | Reached *** piety under Trog
  3904 | D:4      | Found a shimmering blue altar of Sif Muna.
  4084 | D:4      | Found a hazy altar of Hepliaklqana.
  4402 | D:5      | Entered Level 5 of the Dungeon
  4467 | D:5      | Noticed Edmund
  4486 | D:5      | Killed Edmund
  4487 | D:5      | Reached skill level 5 in Armour
  4646 | D:5      | Reached skill level 7 in Axes
  4695 | D:5      | Noticed Menkaure
  4735 | D:5      | Mangled by Menkaure

Illustrated notes

Levels and vault maps discovered:
D:1:      eino_arrival_druids_welcome, layout_rooms
D:2:      layout_basic, okawaru_trees_2, uniq_sigmund
D:3:      cheibrodos_thug_alley, layout_loops_ring, serial_forest,
          infiniplex_forest_lined_corner, infiniplex_forest_straight_5,
          infiniplex_forest_straight_3, infiniplex_forest_zigzag_2,
          infiniplex_forest_corner_1, infiniplex_forest_zigzag_1,
          gammafunk_ghost_nasty_kobolds
D:4:      layout_basic, lemuel_coloured_pillars_altar, old_standard_altar,
          nicolae_ru_sacrificial_ziggurat, overflow_temple_1_default,
          uniq_duvessa
D:5:      layout_loops_corners, general_overflow_altar, xom_confusion_cloud,
          uniq_menkaure, uniq_edmund

Skill      XL: |  1  2  3  4  5  6  7 |
---------------+----------------------+-----
Axes           | 4 5 6 7 |  7.0
Fighting       | 4 5 6 |  6.3
Slings         | 1 2 |  2.6
Dodging        | 3 |  3.7
Armour         | 3 4 5 |  5.1
Shields        | |  0.8

Action                   |  1- 3 |  4- 6 |  7- 9 || total
-------------------------+-------+-------+-------++-------
Melee: Hand axe          |    32 |   108 |    28 ||   168
       Headbutt          |     5 |    18 |    18 ||    41
       War axe           |       |       |    25 ||    25
       Spear             |       |       |    13 ||    13
 Fire: Hunting sling     |    15 |    21 |     1 ||    37
Invok: Berserk           |     2 |     2 |       ||     4
       Trog's Hand       |     1 |     1 |     1 ||     3
  Use: Scroll            |       |     1 |     1 ||     2
       Potion            |       |       |     1 ||     1
Armor: Animal skin       |     5 |       |       ||     5
       Ring mail         |     1 |    31 |    14 ||    46
Dodge: Dodged            |    31 |    60 |    36 ||   127
Block: Buckler           |       |     7 |     7 ||    14

Table legend: (Time is in decaauts)
 A = Elapsed time spent in this place.
 B = Non-inter-level travel time spent in this place.
 C = Inter-level travel time spent in this place.
 D = Time resting spent in this place.
 E = Time spent auto-exploring this place.
 F = Levels seen in this place.
 G = Mean time per level.
                   A        B        C        D        E       F      G
               +--------+--------+--------+--------+--------+-----+--------+
         Total |   4798 |   4602 |    196 |      0 |   3886 |   5 |  959.6 |
       Dungeon |   4798 |   4602 |    196 |      0 |   3886 |   5 |  959.6 |
               +--------+--------+--------+--------+--------+-----+--------+

Top non-repeatable levels by time:
     D:3: 1399 daAuts
     D:4: 1365 daAuts
     D:2: 914 daAuts
     D:1: 782 daAuts
     D:5: 336 daAuts
